 Dungeon Crawl Stone Soup version 0.28-a0-1241-gf280a0fbb2 (webtiles) character file.

Game seed: 12598155277336990639

1358 Conn the Magician (level 8, -5/47 HPs)
             Began as an Octopode Fire Elementalist on Dec 26, 2021.
             Was a Follower of Sif Muna.
             Slain by a killer bee (6 damage)
             ... on level 6 of the Dungeon.
             The game lasted 00:13:17 (6183 turns).

Conn the Magician (Octopode Fire Elementalist)      Turns: 6183, Time: 00:13:18

Health: -5/47      AC:  1    Str:  7    XL:     8   Next: 64%
Magic:  9/16       EV: 17    Int: 20    God:    Sif Muna [*.....]
Gold:   366        SH:  0    Dex: 12    Spells: 11/18 levels left

rFire   + . .      SeeInvis .   b - staff of fire
rCold   + . .      Faith    .   (no shield)
rNeg    . . .      Spirit   .   (helmet restricted)
rPois   .          Reflect  .   (no amulet)
rElec   .          Harm     .   i - ring of protection from cold
rCorr   .          Rampage  .   k - +4 ring of evasion
Will    .....                   (no ring)
Stlth   ++++......              (no ring)
HPRegen 0.15/turn               (no ring)
MPRegen 0.15/turn               (no ring)
                                (no ring)
                                (no ring)

@: lethally poisoned (-5 -> -14)
A: almost no armour, amphibious, 8 rings, camouflage 1, gelatinous body 1,
(nimble swimmer 1), tentacles
a: Renounce Religion, Channel Magic


You were on level 6 of the Dungeon.
You worshipped Sif Muna.
Sif Muna was aware of your devotion.
You visited 1 branch of the dungeon, and saw 6 of its levels.
You also visited: Sewer.

You collected 366 gold pieces.

Inventory:

Hand Weapons
 a - a +1 short sword of flaming
 g - a +1 whip of electrocution
Missiles
 h - 22 poisoned darts (quivered)
Magical Staves
 b - a staff of fire (weapon)
Jewellery
 i - a ring of protection from cold (left tentacle)
 k - a +4 ring of evasion (right tentacle)
Wands
 p - a wand of flame (11)
Scrolls
 e - a scroll of teleportation {unknown}
 f - a scroll of enchant weapon
 j - a scroll of fog {unknown}
 l - 5 scrolls of identify {unknown}
 m - 2 scrolls of enchant armour {unknown}
 o - a scroll of noise {unknown}
 r - a scroll of immolation {unknown}
Potions
 d - 2 potions of magic {unknown}
 n - a potion of might {unknown}


   Skills:
 + Level 0.6 Fighting
 + Level 1.2 Staves
 + Level 0.9 Throwing
 + Level 2.7 Dodging
 + Level 4.4 Stealth
 + Level 5.9 Spellcasting
 + Level 4.0 Conjurations
 + Level 1.7 Hexes
 + Level 5.6 Fire Magic
 * Level 2.5 Invocations
 + Level 0.5 Evocations


You had 11 spell levels left.
You knew the following spells:

 Your Spells              Type           Power      Damage    Failure   Level
a - Foxfire               Conj/Fire      100%       2x1d9     1%          1
b - Conjure Flame         Conj/Fire      38%        6-21      4%          3
c - Inner Flame           Hex/Fire       30%        N/A       7%          3

Your spell library contained the following spells:

 Spells                   Type           Power      Damage    Failure   Level
 Magic Dart               Conj           88%        1d7       1%          1
 Scorch                   Fire           84%        2d9       1%          2
 Searing Ray              Conj           44%        2d6       3%          2
 Flame Wave               Conj/Fire      38%        2d7       14%         4
 Gell's Gravitas          Tloc           5%         N/A       32%         3
 Lesser Beckoning         Tloc           5%         N/A       32%         3
 Teleport Other           Tloc           5%         N/A       32%         3
 Fulminant Prism          Conj/Hex       8%         3d7       32%         4
 Dispersal                Tloc           2%         N/A       100%        6


Dungeon Overview and Level Annotations

Branches:
Dungeon (6/15)              Sewer (visited)
 Temple: D:4-7

Altars:
Dithmenos
Kikubaaqudgha
Sif Muna
Yredelemnul

Shops:
D:3 *   D:4 ?

Annotations:
D:5 Pikel


Innate Abilities, Weirdness & Mutations

You cannot wear most types of armour.
You are amphibious.
You can wear up to eight rings at the same time.
Your skin changes colour to match your surroundings (Stealth+).
Your rubbery body absorbs attacks. (AC +1, EV +1)
((You are camouflaged when in or above water. (Stealth+)))
You have tentacles for arms and can constrict up to eight enemies at once.


Message History

Your Conjurations skill increases to level 4!
Casting: Foxfire (safe; 1% risk of failure)
Confirm with . or Enter, or press ? or * to list all spells.
You feel a surge of power!
You conjure some foxfire!
You feel very sick. The killer bee misses you. The killer bee stings you.
You are lethally poisoned!
The killer bee poisons you! The killer bee misses you. x2
You barely miss the killer bee. Your grab misses the killer bee.
You feel very sick.
The foxfire hits the killer bee.
The killer bee is moderately wounded.
The foxfire hits the killer bee.
The killer bee is severely wounded.
The killer bee barely misses you. The killer bee closely misses you.
The killer bee stings you.
* * * LOW HITPOINT WARNING * * *
You are more poisoned.
The killer bee poisons you! The killer bee closely misses you.
The killer bee misses you.
You feel better.
The killer bee stings you but does no damage.
The killer bee stings you!
* * * LOW HITPOINT WARNING * * *
The killer bee stings you.
* * * LOW HITPOINT WARNING * * *
The killer bee completely misses you.
Okay, then.
Unknown command.
Unknown command.
Aiming: Throw Flame
Press: ? - help, Shift-Dir - straight line, f/p - killer bee
Aim: a killer bee (heavily wounded, 39% to hit)
The puff of flame hits the killer bee.
The killer bee is almost dead.
The killer bee stings you!
* * * LOW HITPOINT WARNING * * *
You are lethally poisoned!
The killer bee poisons you! The killer bee stings you.
You die...

### ..##. #.#.#
. #...#
.###.#.######...
...§#...@y..†..#
#.....y####..#
#.≈≈≈≈.#
#.≈....# ...
##≈≈≈≈## #.#
###.## #.# ##'##
#.# ##...##
#.### ##.....##


You could see 2 killer bees.

Vanquished Creatures
  Prince Ribbit (D:5)
  Sigmund (D:4)
  Duvessa (D:5)
  Pargi (Sewer)
  A necrophage (D:6)
  A sky beast (D:5)
  An ogre (D:6)
  2 lemures
  A gnoll sergeant (D:5)
  Dowan (D:5)
  3 killer bees (D:6)
  2 hounds
  An orc priest (D:6)
  Jessica (D:3)
  A howler monkey skeleton (D:5)
  5 adders
  3 gnolls (D:5)
  A shadow imp (D:5)
  An ufetubus (D:5)
  A worm (D:2)
  2 dart slugs
  7 orcs (D:6)
  10 ball pythons
  4 endoplasms
  9 giant cockroaches
  4 goblins
  7 hobgoblins
  5 quokkas
  3 bats (D:3)
  7 frilled lizards
  6 kobolds
  11 rats
105 creatures vanquished.

Vanquished Creatures (others)
  414 foxfires
414 creatures vanquished.

Grand Total: 519 creatures vanquished

Notes
Turn   | Place    | Note
-------+----------+-------------------------------------------
     0 | D:1      | Conn the Octopode Fire Elementalist began the quest for the
                  | Orb.
     0 | D:1      | Reached XP level 1. HP: 11/11 MP: 3/3
   293 | D:1      | Reached XP level 2. HP: 17/17 MP: 0/5
  1123 | D:1      | Found a faded altar of an unknown god.
  1328 | D:1      | Reached XP level 3. HP: 18/21 MP: 2/6
  2614 | D:3      | Noticed Jessica
  2620 | D:3      | Killed Jessica
  2621 | D:3      | Reached XP level 4. HP: 10/27 MP: 1/7
  3184 | D:3      | Found a shadowy altar of Dithmenos.
  3359 | D:3      | Found Nailif's Assorted Antiques.
  3764 | D:3      | Learned a level 3 spell: Conjure Flame
  3768 | D:3      | Learned a level 3 spell: Inner Flame
  3859 | D:4      | Found a basalt altar of Yredelemnul.
  4220 | D:4      | Found Daoforeff's Magic Scroll Shoppe.
  4334 | D:4      | Noticed Sigmund
  4352 | D:4      | Killed Sigmund
  4353 | D:4      | Reached XP level 5. HP: 27/31 MP: 0/10
  4353 | D:4      | Reached XP level 6. HP: 32/36 MP: 0/11
  4497 | D:4      | Found an ancient bone altar of Kikubaaqudgha.
  4504 | D:4      | Reached skill level 1 in Staves
  4641 | D:5      | Entered Level 5 of the Dungeon
  4641 | D:5      | Noticed Pikel
  4787 | D:5      | Noticed Prince Ribbit
  4794 | D:5      | Killed Prince Ribbit
  4795 | D:5      | Reached XP level 7. HP: 41/41 MP: 4/13
  4986 | D:5      | Reached skill level 5 in Fire Magic
  4987 | D:5      | Found a shimmering blue altar of Sif Muna.
  5099 | D:5      | Became a worshipper of Sif Muna the Loreminder
  5199 | D:5      | Noticed Duvessa
  5200 | D:5      | Noticed Dowan
  5226 | D:5      | Killed Duvessa
  5227 | D:5      | Reached skill level 1 in Hexes
  5255 | D:5      | Killed Dowan
  5445 | D:5      | Reached skill level 5 in Spellcasting
  5445 | D:5      | Reached XP level 8. HP: 37/46 MP: 2/15
  5610 | D:5      | Identified the +0 ring mail of the Armadillo {rElec Will+
                  | Dex+7}
  5670 | D:6      | Reached skill level 1 in Invocations
  5759 | D:6      | Found a glowing drain.
  5782 | Sewer    | Entered a sewer
  5866 | Sewer    | Noticed Pargi
  5874 | Sewer    | Killed Pargi
  6047 | D:6      | Reached * piety under Sif Muna
  6183 | D:6      | HP: 1/47 [killer bee (7)]
  6183 | D:6      | Slain by a killer bee

Illustrated notes

Levels and vault maps discovered:
D:1:      dpeg_arrival_shrine, layout_loops_corners,
          hellmonk_ecumenical_altar_crossroads
D:2:      layout_basic
D:3:      layout_loops_ring, nicolae_dithmenos_through_a_glass_darkly,
          serial_shops, nicolae_shop_hallway_plus, uniq_jessica
D:4:      layout_basic, mainiacjoe_overflow_alcove_1, overflow_temple_1_default,
          serial_shops, nicolae_shop_behind_doors, uniq_sigmund
D:5:      layout_basic, mainiacjoe_overflow_brackets,
          nicolae_qazlal_eye_of_the_storm, serial_bayou_pond_b, uniq_duvessa,
          uniq_prince_ribbit1, uniq_pikel
D:6:      layout_loops_corners, portal_sewer_entry_a,
          chequers_serial_rivers_micro_d

Skill      XL: |  1  2  3  4  5  6  7  8 |
---------------+-------------------------+-----
Stealth        | 3 4 |  4.4
Spellcasting   | 3 4 5 |  5.9
Conjurations   | 2 3 4 |  4.0
Fire Magic     | 4 5 |  5.6
Staves         | 1 |  1.2
Hexes          | 1 |  1.7
Invocations    | 2 |  2.5
Fighting       | |  0.6
Throwing       | |  0.9
Dodging        | |  2.7
Evocations     | |  0.5

Action                   |  1- 3 |  4- 6 |  7- 9 || total
-------------------------+-------+-------+-------++-------
Melee: Unarmed           |    14 |       |       ||    14
       Constrict         |     7 |     5 |     2 ||    14
       Tentacles         |     4 |     1 |     2 ||     7
       Staff             |     3 |    20 |    10 ||    33
       Whip              |     3 |       |       ||     3
Throw: Dart              |       |       |    12 ||    12
       Throwing net      |       |       |     1 ||     1
 Cast: Foxfire           |    73 |    70 |    99 ||   242
       Conjure Flame     |       |     1 |     3 ||     4
       Inner Flame       |       |     3 |     5 ||     8
Evoke: Wand              |       |     2 |     2 ||     4
  Use: Scroll            |       |     1 |       ||     1
       Potion            |       |       |     2 ||     2
 Stab: Sleeping          |     1 |     3 |     1 ||     5
Armor: Skin              |     1 |     7 |     2 ||    10
Dodge: Dodged            |    29 |    29 |    37 ||    95

Table legend: (Time is in decaauts)
 A = Elapsed time spent in this place.
 B = Non-inter-level travel time spent in this place.
 C = Inter-level travel time spent in this place.
 D = Time resting spent in this place.
 E = Time spent auto-exploring this place.
 F = Levels seen in this place.
 G = Mean time per level.
                   A        B        C        D        E       F      G
               +--------+--------+--------+--------+--------+-----+--------+
         Total |   6187 |   6110 |     77 |     72 |   4602 |   7 |  883.9 |
       Dungeon |   5973 |   5896 |     77 |     72 |   4500 |   6 |  995.5 |
         Sewer |    214 |    214 |      0 |      0 |    102 |   1 |  214.0 |
               +--------+--------+--------+--------+--------+-----+--------+

Top non-repeatable levels by time:
     D:1: 1489 daAuts
     D:3: 1158 daAuts
     D:2: 1123 daAuts
     D:4: 1014 daAuts
     D:5: 882 daAuts
     D:6: 305 daAuts
   Sewer: 214 daAuts
